 Dungeon Crawl Stone Soup version 0.17-a0-1842-gacc33f2 (webtiles) character file.

65 mcbry74 the Slinger (level 4, -1/29 HPs)
             Began as a Halfling Hunter on Sept 17, 2015.
             Slain by mcbry74's ghost (12 damage)
             ... on level 3 of the Dungeon.
             The game lasted 00:11:38 (1505 turns).

mcbry74 the Slinger (Halfling Hunter)               Turns: 1505, Time: 00:11:38

Health: -1/29      AC:  4    Str: 12    XL:     4   Next: 35%
Magic:  4/4        EV: 14    Int: 10    God:
Gold:   196        SH:  0    Dex: 15    Spells: 0 memorised, 3 levels left

rFire  . . .     SeeInvis .     a - +1 hunting sling
rCold  . . .     Clarity  .     d - +0 leather armour
rNeg   . . .     SustAt   .     (shield restricted)
rPois  .         Gourm    .     (no helmet)
rElec  .         Spirit   .     (no cloak)
rCorr  .         Warding  .     x - +0 pair of gloves
rMut   .         Stasis   .     (no boots)
MR     .....                    (no amulet)
Stlth  ++........               (no ring)
                                (no ring)

@: not resistant to hostile enchantments, unstealthy
A: mutation resistance 1
a: no special abilities


You were on level 3 of the Dungeon.
You were hungry.

You visited 1 branch of the dungeon, and saw 3 of its levels.

You collected 196 gold pieces.

Inventory:

Hand weapons
 a - a +1 hunting sling (weapon)
 c - a +0 short sword
Missiles
 i - 101 stones (quivered)
 j - 7 poisoned sling bullets
 v - a sling bullet of flame
Armour
 d - a +0 leather armour (worn)
 p - a +0 cloak
 x - a +0 pair of gloves (worn)
Scrolls
 h - a scroll of fog {unknown}
 n - a scroll of immolation {unknown}
 q - a scroll of identify {unknown}
 r - a scroll of enchant armour {unknown}
 t - a scroll of magic mapping {unknown}
 u - a scroll of teleportation {unknown}
Potions
 g - a potion of cancellation {unknown}
 o - a potion of might {unknown}
 s - a potion of brilliance {unknown}
 w - a potion of agility {unknown}
 z - 2 potions of curing {unknown}
Comestibles
 e - 3 bread rations
 f - 4 meat rations
 k - a slice of pizza
 l - 3 fruits
 m - 2 beef jerkies


   Skills:
 - Level 1.7 Fighting
 + Level 8.0 Slings
 + Level 0.2 Armour
 + Level 2.1 Dodging
 + Level 1.1 Stealth


You had 3 spell levels left.
You didn't know any spells.

Dungeon Overview and Level Annotations

Branches:
Dungeon (3/15)

Altars:

Annotations:
D:3 mcbry74's ghost, average HOFi


Innate Abilities, Weirdness & Mutations

You are small and have problems with some larger weapons.
You are somewhat resistant to further mutation.


Message History

Firing (i - inventory. (,) - cycle):
i - 104 stones (quivered)
Press: ? - help, Shift-Dir - straight line, f/p - mcbry74's ghost
Aim: mcbry74's ghost (severely damaged)
You shoot a stone. The stone hits mcbry74's ghost.
Mcbry74's ghost is severely damaged.
Mcbry74's ghost hits you but does no damage.
Firing (i - inventory. (,) - cycle):
i - 103 stones (quivered)
Press: ? - help, Shift-Dir - straight line, f/p - mcbry74's ghost
Aim: mcbry74's ghost (severely damaged)
You shoot a stone.
The stone barely misses mcbry74's ghost.
Mcbry74's ghost barely misses you.
Firing (i - inventory. (,) - cycle):
i - 102 stones (quivered)
Press: ? - help, Shift-Dir - straight line, f/p - mcbry74's ghost
Aim: mcbry74's ghost (severely damaged)
You shoot a stone.
The stone hits mcbry74's ghost but does no damage.
Mcbry74's ghost is severely damaged.
Mcbry74's ghost hits you!
You die...

.? .... #.
.#.# #.#.#.#
##.....###
.%(.%...
#.....#
.(####.#.#(#
(.((()W@.#(#
..####...#(#
##...#(##
#.......#
#....#.##
..###.......#
#...........#
.###..[#####
###.....#


You could see mcbry74's ghost.

Vanquished Creatures
  2 adders
  An ooze (D:2)
  A worm (D:2)
  3 giant geckos
  2 bats (D:1)
  3 giant cockroaches
  6 goblins
  A hobgoblin (D:1)
  4 jackals (D:1)
  A quokka (D:3)
  A giant newt (D:2)
  8 kobolds
  3 rats
36 creatures vanquished.

Notes
Turn   | Place    | Note
--------------------------------------------------------------
     0 | D:1      | mcbry74 the Halfling Hunter began the quest for the Orb.
     0 | D:1      | Reached XP level 1. HP: 14/14 MP: 1/1
   181 | D:1      | Reached skill level 6 in Slings
   324 | D:1      | Reached XP level 2. HP: 19/19 MP: 2/2
   601 | D:1      | Reached XP level 3. HP: 24/24 MP: 3/3
   640 | D:1      | Reached skill level 7 in Slings
  1016 | D:2      | Reached XP level 4. HP: 29/29 MP: 4/4
  1462 | D:3      | Reached skill level 8 in Slings
  1484 | D:3      | Noticed mcbry74's ghost (average HOFi)
  1505 | D:3      | Slain by mcbry74's ghost

Vault maps used:
D:1:      dpeg_arrival_round_c, minmay_strange_pillars
D:2:      mrwooster_statue_mirror, minmay_misc_feat_chi, serial_bayou_pond_d
D:3:      lemuel_upstairs_altar, elyvilon_altar_4,
          lemuel_zombie_altar_kikubaaqudgha

Action                   |  1- 3 |  4- 6 || total
-------------------------+-------+-------++-------
 Fire: Hunting sling     |    67 |    40 ||   107
  Eat: Chunk             |       |     1 ||     1
